 Dungeon Crawl Stone Soup version 0.25-a0-665-ga69d64035b (webtiles) character file.

Game seed: 15702945196155508841, levelgen mode: deterministic

2296 MisterFreud the Fighter (level 9, 0/48 HPs)
             Began as a Felid Berserker on Mar 26, 2020.
             Was an Elder of Trog.
             Slain by a centaur warrior skeleton (4 damage)
             ... on level 11 of the Dungeon.
             The game lasted 00:18:52 (11517 turns).

MisterFreud the Fighter (Felid Berserker)          Turns: 11517, Time: 00:18:53

Health: 0/48       AC:  2    Str: 13    XL:     9   Next: 17%
Magic:  24/24      EV: 26    Int: 10    God:    Trog [****..]
Gold:   582        SH:  0    Dex: 18    Spells: 8/8 levels left
                                        Lives:  0   Deaths: 3

rFire    . . .     SeeInvis +     - Unarmed
rCold    . . .     Gourm    .   (shield unavailable)
rNeg     + . .     Faith    .   (armour unavailable)
rPois    .         Spirit   .   (helmet unavailable)
rElec    .         Reflect  .   (cloak unavailable)
rCorr    .         Harm     .   (gloves unavailable)
MR       +....                  (boots unavailable)
Stlth    +++++.....             (no amulet)
HPRegen  0.16/turn              t - ring of positive energy
MPRegen  0.19/turn              z - ring of magical power

@: quick
A: very small, no armour, no weapons or thrown items, stealth, claws 1, fangs 3,
see invisible, carnivore, speed 1, shaggy fur 2, slow metabolism 1, sharp paws
a: Berserk, Trog's Hand, Brothers in Arms, Renounce Religion


You were on level 11 of the Dungeon.
You worshipped Trog.
Trog was greatly pleased with you.
You were very full.

You visited 2 branches of the dungeon, and saw 12 of its levels.
You also visited: Sewer.

You collected 611 gold pieces.
You spent 29 gold pieces at shops.

Inventory:

Jewellery
 n - an uncursed ring of fire
 t - a ring of positive energy (left paw)
 z - a ring of magical power (right paw)
 A - a +3 ring of strength
Wands
 l - a wand of scattershot (2)
 r - a wand of clouds (5)
 s - a wand of digging (2)
 y - a wand of flame (12)
Scrolls
 d - 2 scrolls of enchant weapon
 h - a scroll of enchant armour
 i - 4 scrolls of teleportation
 j - 3 scrolls of remove curse
 o - 2 scrolls of amnesia
 w - 5 scrolls of identify
Potions
 b - a potion of cancellation {unknown}
 c - 5 potions of heal wounds
 e - 2 potions of resistance
 f - 3 potions of curing
 g - a potion of might
 k - a potion of stabbing
 p - 4 potions of flight
 q - a potion of haste
 v - a potion of mutation {unknown}
 x - a potion of ambrosia {unknown}
Comestibles
 a - 33 rations


   Skills:
 + Level 11.0 Fighting
 - Level 10.0 Dodging
 + Level 8.8 Stealth
 + Level 7.5 Unarmed Combat
 + Level 7.1 Evocations


You had 8 spell levels left.
You didn't know any spells.
Your spell library was empty.

Dungeon Overview and Level Annotations

Branches:
Dungeon (11/15)            Temple (0/1) D:7            Lair (0/6) D:10
    Orc (1/2) D:10          Sewer (visited)

Altars:
Ashenzari
Elyvilon
Fedhas
Qazlal
Ru
Sif Muna
Trog
Uskayaw
Vehumet
Wu Jian
Xom
Yredelemnul
Zin

Shops:
D:9 *(

Annotations:
D:10 exclusion: 2 oklob plants


Innate Abilities, Weirdness & Mutations

You cannot wear armour.
You are incapable of wielding weapons or throwing items.
Your paws allow you to move quietly. (Stealth)
You have sharp claws.
You have razor-sharp teeth.
You have supernaturally acute eyesight. (SInv)
You are carnivorous and can eat meat at any time.
You cover ground quickly.
You are covered in thick fur. (AC +2)
You have a slow metabolism.
Your sharp claws are effective at attacking unaware monsters.


Message History

The crocodile completely misses you.
The centaur warrior skeleton completely misses you.
The crocodile misses you.
The centaur warrior skeleton completely misses you.
The centaur warrior skeleton misses you.
The crocodile closely misses you.
The centaur warrior skeleton completely misses you.
The crocodile bites you!
The centaur warrior skeleton completely misses you.
The crocodile completely misses you.
The centaur warrior skeleton completely misses you.
The crocodile bites you!
* * * LOW HITPOINT WARNING * * *
The centaur warrior skeleton hits you.
* * * LOW HITPOINT WARNING * * *
The centaur warrior skeleton hits you!
* * * LOW HITPOINT WARNING * * *
The crocodile misses you. The centaur warrior skeleton hits you.
You die...

.......#.#
.........+
.........#
.........#
.........#
.../.....######
......Zt.......
.......@#
#+#######.# #..
#.# #.## #.#
######..#####.##
...............###
######'####.....+
#...# #...###
#...###...#


You could see a crocodile and a centaur warrior skeleton.

Vanquished Creatures
  A manticore (D:9)
  Maurice (D:8)
  Maggie (D:8)
  A troll (D:10)
  A hippogriff (D:10)
  Sigmund (D:5)
  4 hogs (D:8)
  6 yaks (D:11)
  2 humans
  Eustachio (D:4)
  A water moccasin (D:10)
  5 orc warriors
  A necrophage (D:6)
  A phantom (D:7)
  An eye of draining (D:8)
  2 centaurs
  3 ogres
  2 big kobolds
  4 bullfrogs
  A wyvern skeleton (D:6)
  A water moccasin zombie (D:7)
  3 scorpions
  15 wights
  An electric eel (D:11)
  9 howler monkeys
  8 crimson imps
  4 hounds
  A quasit (D:8)
  3 jellies
  11 orc priests
  6 orc wizards
  2 centaur skeletons
  Jessica (D:2)
  A bullfrog skeleton (D:9)
  2 iguanas (D:5)
  9 worker ants
  A killer bee zombie (D:6)
  2 hound skeletons
  A worker ant zombie (D:5)
  Robin (D:4)
  A howler monkey skeleton (D:8)
  11 adders
  A river rat (Sewer)
  2 shadow imps
  3 worms
  3 dart slugs
  4 leopard geckos
  34 orcs
  4 giant cockroaches
  19 goblins
  7 hobgoblins
  17 jackals
  10 kobolds
  8 quokkas
  3 ball pythons
  7 bats
  5 frilled lizards
  A leopard gecko skeleton (D:8)
  7 rats
269 creatures vanquished.

Vanquished Creatures (others)
  An adder (D:8)
  A plant (D:10)
2 creatures vanquished.

Grand Total: 271 creatures vanquished

Notes
Turn   | Place    | Note
-------+----------+-------------------------------------------
     0 | D:1      | MisterFreud the Felid Berserker began the quest for the
                  | Orb.
     0 | D:1      | Reached XP level 1. HP: 10/10 MP: 2/2
   324 | D:1      | Reached XP level 2. HP: 13/14 MP: 3/3
   687 | D:1      | Reached ** piety under Trog
   785 | D:1      | Reached skill level 4 in Fighting
  1258 | D:2      | Reached XP level 3. HP: 18/18 MP: 4/4
  1423 | D:2      | Found a basalt altar of Yredelemnul.
  1483 | D:2      | Noticed Jessica
  1491 | D:2      | Killed Jessica
  1491 | D:2      | Reached XP level 4. HP: 22/22 MP: 5/5
  1632 | D:2      | Reached skill level 5 in Fighting
  2117 | D:3      | Reached skill level 1 in Stealth
  2117 | D:3      | Reached XP level 5. HP: 25/26 MP: 6/6
  2717 | D:4      | Noticed a phantom
  2757 | D:4      | Reached *** piety under Trog
  3092 | D:4      | Noticed Eustachio
  3347 | D:4      | Gained mutation: You are covered in thick fur. (AC +2)
                  | [Felid growth]
  3347 | D:4      | Reached XP level 6. HP: 23/31 MP: 7/7
  3642 | D:4      | Noticed Robin
  3688 | D:4      | Reached skill level 5 in Dodging
  3829 | D:4      | Killed Eustachio
  3829 | D:4      | Reached skill level 6 in Fighting
  3837 | D:4      | Killed Robin
  4462 | D:5      | Entered Level 5 of the Dungeon
  4482 | D:5      | Reached XP level 7. HP: 34/34 MP: 8/8
  4546 | D:5      | Found a glowing drain.
  4556 | Sewer    | Entered a sewer
  4801 | Sewer    | Found a white marble altar of Elyvilon.
  5096 | D:5      | Reached skill level 5 in Stealth
  5293 | D:5      | Noticed Sigmund
  5301 | D:5      | Killed Sigmund
  5301 | D:5      | Reached skill level 5 in Unarmed Combat
  5414 | D:5      | Reached XP level 8. HP: 38/38 MP: 10/10
  5436 | D:5      | Reached **** piety under Trog
  5574 | D:5      | Found a shimmering altar of Xom.
  5574 | D:5      | Found a sacrificial altar of Ru.
  5580 | D:5      | Found a radiant altar of Vehumet.
  5693 | D:5      | Found a glowing silver altar of Zin.
  5803 | D:5      | Found a stormy altar of Qazlal.
  6116 | D:6      | Identified the +10 flail of Compulsion {chaos, +Inv rElec}
  6393 | D:6      | Found a hide-covered altar of Uskayaw.
  6454 | D:6      | Reached skill level 5 in Evocations
  6733 | D:6      | Found a blossoming altar of Fedhas.
  6733 | D:6      | Found a white marble altar of Elyvilon.
  6903 | D:6      | Found a bloodstained altar of Trog.
  7111 | D:7      | Reached XP level 9. HP: 28/41 MP: 13/13
  7177 | D:7      | Shot with an arrow by a centaur
  7178 | D:7      | Reached XP level 8. HP: 0/38 MP: 12/12
  7294 | D:7      | Found a shattered altar of Ashenzari.
  7373 | D:7      | Reached skill level 10 in Dodging
  7631 | D:7      | Reached skill level 7 in Fighting
  8056 | D:7      | Found a staircase to the Ecumenical Temple.
  8132 | D:8      | Noticed Maurice
  8142 | D:8      | Killed Maurice
  8142 | D:8      | Reached skill level 8 in Fighting
  8142 | D:8      | Reached XP level 9. HP: 45/45 MP: 13/13
  8224 | D:8      | Found an ornate altar of the Wu Jian Council.
  8342 | D:8      | Reached skill level 9 in Fighting
  8740 | D:8      | Reached skill level 10 in Fighting
  8825 | D:8      | Found a shimmering blue altar of Sif Muna.
  9009 | D:8      | Noticed Maggie
  9031 | D:8      | Killed Maggie
  9113 | D:9      | Found Komak's Weapon Shop.
  9191 | D:9      | Noticed a manticore
  9217 | D:9      | Killed a manticore
  9217 | D:9      | Reached XP level 10. HP: 12/51 MP: 15/15
  9825 | D:9      | Found Mehumeso's Assorted Antiques.
  9833 | D:9      | Bought a scroll labeled RAOPUSMEOR for 29 gold pieces
  9885 | D:10     | Entered Level 10 of the Dungeon
 10068 | D:10     | Found a staircase to the Orcish Mines.
 10160 | D:10     | Mangled by an orc warrior
 10161 | D:10     | Reached XP level 9. HP: -6/70 MP: 23/23
 10421 | D:10     | Noticed an oklob plant
 10686 | D:10     | Found a staircase to the Lair.
 10696 | D:10     | Noticed an oklob plant
 10991 | Orc:1    | Entered Level 1 of the Orcish Mines
 11162 | D:11     | Reached XP level 10. HP: 47/51 MP: 16/16
 11413 | D:11     | Reached skill level 11 in Fighting
 11448 | D:11     | Drowned by a water elemental
 11449 | D:11     | Reached XP level 9. HP: -2/48 MP: 24/24
 11517 | D:11     | Slain by a centaur warrior skeleton

Levels and vault maps discovered:
D:1:      wander_arrival_fairy_ring, layout_basic
D:2:      layout_basic, lemuel_crystal_altar, first_ration,
          palyth_stone_intersect, minivault_5, uniq_jessica
D:3:      layout_loops_cross
D:4:      layout_basic, uniq_eustachio, uniq_robin
D:5:      layout_loops_ring, kennysheep_mini_moat,
          lemuel_coloured_pillars_altar, minitemple,
          cheibrodos_sewer_entry_drain, uniq_sigmund
D:6:      layout_loops_ring, overflow_temple_1_default,
          gammafunk_temple_overflow_elements, bloody_trog
D:7:      layout_loops_ring, nicolae_overflow_crystal_walls,
          minmay_temple_entry_glassed_door
D:8:      layout_loops_ring, lemuel_doored_altar, lemuel_blue_sif_altar,
          grunt_livestock, minmay_misc_feat_columns, uniq_maurice, uniq_maggie
D:9:      layout_basic, serial_shops, shop, shop, grunt_decor_arrowhead,
          hangedman_decor_growths
D:10:     layout_stronghold, dpeg_oklobed_lair, erik_orc_4
D:11:     layout_basic, serial_bayou_lagoon_a
Orc:1:    layout_caves

Skill      XL: |  1  2  3  4  5  6  7  8  9 10 |
---------------+-------------------------------+-----
Fighting       | 4 5 6 8 10 11 | 11.0
Stealth        | 1 2 4 5 6 8 7 |  8.8
Dodging        | 5 6 10 | 10.0
Unarmed Combat | 4 5 6 7 |  7.5
Evocations     | 2 5 7 6 |  7.1

Action                   |  1- 3 |  4- 6 |  7- 9 | 10-12 || total
-------------------------+-------+-------+-------+-------++-------
Melee: Unarmed           |    74 |   240 |   484 |   149 ||   947
       Bite              |     4 |    34 |    60 |    18 ||   116
       Punch             |     2 |     1 |    13 |     5 ||    21
Invok: Berserk           |     2 |     6 |    24 |     4 ||    36
       Trog's Hand       |       |     3 |     4 |     3 ||    10
Evoke: Wand              |       |       |       |     2 ||     2
  Use: Scroll            |       |     4 |     7 |     8 ||    19
 Stab: Distracted        |     1 |       |       |     1 ||     2
       Sleeping          |     2 |     5 |    24 |     3 ||    34
  Eat: Chunk             |     9 |    13 |    42 |    13 ||    77
Armor: Skin              |     2 |     7 |     8 |     3 ||    20
Dodge: Dodged            |    49 |   198 |   385 |   109 ||   741

Table legend:
 A = Non-vault XP
 B = Vault XP
 C = Vault XP percentage of total XP
 D = Non-vault monster count
 E = Vault monster count
 F = Vault count percentage of total count
                 A         B        C        D         E       F
            +---------+---------+-------+---------+---------+-------
      Total |    8203 |    3182 |  27.9 |     219 |      50 |  18.6
            +---------+---------+-------+---------+---------+-------
        D:1 |      33 |       0 |   0.0 |      19 |       0 |   0.0
        D:2 |     100 |      37 |  27.0 |      19 |       1 |   5.0
        D:3 |     106 |       0 |   0.0 |      18 |       0 |   0.0
        D:4 |     194 |     222 |  53.4 |      15 |      13 |  46.4
        D:5 |     644 |     235 |  26.7 |      25 |       3 |  10.7
        D:6 |    1052 |       0 |   0.0 |      23 |       0 |   0.0
        D:7 |    1320 |       0 |   0.0 |      22 |       0 |   0.0
        D:8 |     481 |    1878 |  79.6 |      15 |       7 |  31.8
        D:9 |    1163 |       0 |   0.0 |      19 |       0 |   0.0
       D:10 |    1269 |     690 |  35.2 |      19 |      17 |  47.2
       D:11 |    1841 |       0 |   0.0 |      25 |       0 |   0.0
      Sewer |       0 |     120 | 100.0 |       0 |       9 | 100.0
            +---------+---------+-------+---------+---------+-------
